 Dungeon Crawl Stone Soup version 0.30-a0-859-gf88a04b62d (webtiles) character file.

Game seed: 13030534171293316791

1930 Pooter the Skirmisher (level 8, -9/58 (63) HPs)
             Began as a Minotaur Hunter on Mar 6, 2023.
             Was a Follower of Hepliaklqana.
             Mangled by Maggie
             ... wielding a +1 scimitar of draining
              (13 damage)
             ... on level 6 of the Dungeon on Mar 7, 2023.
             The game lasted 00:32:52 (5521 turns).

Pooter the Skirmisher (Minotaur Hunter)             Turns: 5521, Time: 00:32:53

HP:   -9/58 (63)    AC:  9    Str: 17    XL:     8   Next: 97%
MP:   10/10         EV: 19    Int:  6    God:    Hepliaklqana [*.....]
Gold: 45            SH:  0    Dex: 15    Spells: 7/7 levels left

rFire   + + .      SeeInvis .    a - melded +0 battleaxe
rCold   + + .      Faith    .    (shield currently unavailable)
rNeg    + + +      Spirit   .    y - melded +0 plate armour
rPois   ∞          Reflect  .    (helmet currently unavailable)
rElec   +          Rampage  .    m - melded +0 cloak
rCorr   +                        (gloves currently unavailable)
Will    .....                    (boots currently unavailable)
Stlth   ++                       (amulet currently unavailable)
HPRegen 0.29/turn                n - melded ring of willpower
MPRegen 0.12/turn                (ring currently unavailable)

@: wisp-form, flying, mesmerised, drained
A: insubstantial, flying, no casting, reduced essence, tiny, (horns 2),
(retaliatory headbutt)
a: Renounce Religion, Recall Ancestor, Ancestor Identity


You were on level 6 of the Dungeon.
You worshipped Hepliaklqana.
Hepliaklqana was aware of your devotion.
You were an insubstantial wisp.
You visited 1 branch of the dungeon, and saw 6 of its levels.

You collected 194 gold pieces.
You spent 149 gold pieces at shops.

Inventory:

Hand Weapons
 a - a +0 battleaxe (melded)
   (You took it off an orc warrior on level 6 of the Dungeon)
 b - a +0 shortbow
 g - a +0 whip of holy wrath
   (You took it off a kobold on level 1 of the Dungeon)
 z - a +0 halberd
   (You took it off a gnoll on level 3 of the Dungeon)
 A - a +4 war axe of flaming
   (You bought it in a shop on level 2 of the Dungeon)
Missiles
 j - a silver boomerang
 B - 14 poisoned darts (quivered)
 Q - 55 stones
Armour
 m - a +0 cloak (melded)
   (You found it on level 2 of the Dungeon)
 y - a +0 plate armour (melded)
   (You found it on level 4 of the Dungeon)
Jewellery
 n - a ring of willpower (melded)
   (You found it on level 2 of the Dungeon)
 r - a +6 ring of intelligence
   (You found it on level 3 of the Dungeon)
Wands
 f - a wand of flame (39)
   (You found it on level 3 of the Dungeon)
 p - a wand of mindburst (11)
   (You found it on level 2 of the Dungeon)
Scrolls
 d - 2 scrolls of immolation {!r}
 h - 2 scrolls of noise {!r}
 k - a scroll of magic mapping {unknown}
 s - a scroll of fog {unknown}
 t - 2 scrolls of teleportation {@r4}
 x - a scroll of enchant weapon {unknown}
Potions
 c - a potion of berserk rage {unknown}
 e - 4 potions of curing {@q1}
 o - a potion of flight {unknown}
 q - a potion of degeneration {unknown}
 u - a potion of might {unknown}
 v - a potion of lignification {unknown}
 w - a potion of heal wounds {unknown}


   Skills:
 + Level 6.1 Fighting
 * Level 7.2 Axes
 * Level 8.7 Ranged Weapons
 - Level 2.1 Dodging
 - Level 0.7 Stealth
 * Level 5.1 Invocations


You had 7 spell levels left.
You didn't know any spells.
Your spell library contained the following spells:

 Spells                   Type           Power      Damage    Failure   Level
 Magic Dart               Conj           0%         1d3       45%         1
 Call Imp                 Summ           0%         N/A       58%         2
 Ignite Poison            Fire/Tmut/Pois 0%         N/A       83%         3
 Mephitic Cloud           Conj/Pois/Air  0%         N/A       83%         3
 Sticky Flame             Conj/Fire      0%         2d3       99%         4
 Ignition                 Fire           0%         3d3       100%        8


Dungeon Overview and Level Annotations

Branches:
Dungeon (6/15)             Temple (0/1) D:4

Altars:
Hepliaklqana

Shops:
D:2 (

Annotations:
D:6 Maggie


Innate Abilities, Weirdness & Mutations

You are an insubstantial wisp.
Your tiny insubstantial body is highly resistant to most damage types.
You are flying.
Your equipment is entirely melded.
You are incapable of wielding weapons or throwing items.
You cannot cast spells.
Your life essence is reduced to manifest your ancestor. (-10% HP)
((You have a pair of horns on your head.))
((You reflexively headbutt those who attack you in melee.))


Message History

Maggie hits you with a +1 scimitar of draining.
* * * LOW HITPOINT WARNING * * *
You touch Maggie.
Maggie barely misses you.
Unknown command.
You touch Maggie.
Unknown command.
You barely miss Maggie. Maggie misses you.
You touch Maggie but do no damage.
Maggie hits you but does no damage.
You touch Maggie but do no damage.
You break out of your daze.
Maggie barely misses you.
You touch Maggie but do no damage.
Maggie hits you but does no damage.
You touch Maggie.
Maggie casts a spell.
Maggie attempts to bespell you! You resist.
You touch Maggie.
Maggie hits you with a +1 scimitar of draining.
* * * LOW HITPOINT WARNING * * *
You barely miss Maggie. You barely miss Maggie. Maggie barely misses you.
You barely miss Maggie. Maggie casts a spell at you.
The bolt of fire misses you.
Unknown command.
You touch Maggie.
Maggie hits you with a +1 scimitar of draining!
* * * LOW HITPOINT WARNING * * *
You touch Maggie!
Maggie completely misses you.
You touch Maggie.
Maggie hits you with a +1 scimitar of draining!
* * * LOW HITPOINT WARNING * * *
You touch Maggie but do no damage.
Nefertari emerges from the mists of memory!
Maggie mumbles some strange words.
Maggie attempts to bespell you!
You are mesmerised by Maggie!
You cannot move away from Maggie!
Unknown command.
You cannot move away from Maggie!
Nefertari completely misses Maggie.
You touch Maggie but do no damage.
Maggie misses you.
You touch Maggie but do no damage.
Nefertari hits Maggie.
Maggie hits Nefertari with a +1 scimitar of draining!
You catch the helpless Maggie completely off-guard!
You touch Maggie.
Nefertari hits Maggie but does no damage.
Maggie barely misses Nefertari.
You touch Maggie but do no damage.
Nefertari hits Maggie.
Maggie hits you with a +1 scimitar of draining!
You die...

#..........#...######..#R##
#..###.#..###.........###.#
#......#.#.#....#####..#.##
#...#####...........@..#.## ..
######.#########.# ... #.# #.#
#.# #.# ####.##### #.# ##@##
#........# #.# ##vR.## #.##@###.#
#.### ##.....## # #.....# #.#.##
##.......###.##.##..#
#####....####.........##.#...#..#
............+.........+.........#
#####....####!........##.......[.
#.#.## ##...[...####.#.#.#.#
#.### ##.)...## #.##.###. ##.#
##.).## #. ##.#.#


You could see the friendly Nefertari the ancestor and Maggie (mesmerising, ally
target).

Vanquished Creatures
  Pikel (D:5)
  Prince Ribbit (D:5)
  A water moccasin (D:5)
  An orc warrior (D:6)
  2 ice beasts
  A black bear (D:5)
  An orc priest (D:4)
  2 hounds
  5 orc wizards
  Jessica (D:3)
  3 iguanas
  4 gnolls
  7 adders
  A shadow imp (D:5)
  An ufetubus (D:5)
  A worm (D:3)
  3 dart slugs
  19 orcs
  4 ball pythons
  7 endoplasms
  A giant cockroach (D:1)
  6 goblins
  6 hobgoblins
  4 jackals
  8 kobolds
  A quokka (D:1)
  2 bats (D:3)
  7 frilled lizards
  2 rats
  A spectral kobold (D:3)
104 creatures vanquished.

Vanquished Creatures (collateral kills)
  Sigmund (D:6)
  A scorpion (D:5)
  A howler monkey (D:5)
  An iguana (D:5)
  An orc (D:6)
  A jackal (D:5)
6 creatures vanquished.

Vanquished Creatures (others)
  3 ancestors
3 creatures vanquished.

Grand Total: 113 creatures vanquished

Notes
Turn   | Place    | Note
-------+----------+-------------------------------------------
     0 | D:1      | Pooter the Minotaur Hunter began the quest for the Orb.
     0 | D:1      | Reached XP level 1. HP: 18/18 MP: 0/0
   105 | D:1      | Reached XP level 2. HP: 25/25 MP: 1/1
   174 | D:1      | Reached skill level 5 in Ranged Weapons
   463 | D:1      | Reached XP level 3. HP: 31/31 MP: 2/2
  1214 | D:2      | Found Mithi's Antique Weapon Boutique.
  1741 | D:3      | Reached skill level 1 in Axes
  1741 | D:3      | Reached XP level 4. HP: 26/38 MP: 3/3
  2315 | D:3      | Noticed Jessica
  2316 | D:3      | Killed Jessica
  2388 | D:3      | Found a hazy altar of Hepliaklqana.
  2399 | D:3      | Became a worshipper of Hepliaklqana the Forgotten
  2433 | D:3      | Reached XP level 5. HP: 46/46 MP: 4/4
  2948 | D:4      | Reached skill level 6 in Ranged Weapons
  3339 | D:2      | Bought a runed war axe for 149 gold pieces
  3860 | D:4      | Found a staircase to the Ecumenical Temple.
  4045 | D:5      | Entered Level 5 of the Dungeon
  4048 | D:5      | Noticed a black bear
  4055 | D:5      | Killed a black bear
  4056 | D:5      | Reached XP level 6. HP: 50/53 MP: 5/5
  4064 | D:5      | Reached * piety under Hepliaklqana
  4095 | D:5      | Noticed a water moccasin
  4101 | D:5      | Killed a water moccasin
  4102 | D:5      | Reached skill level 1 in Invocations
  4200 | D:5      | Noticed Prince Ribbit
  4211 | D:5      | Killed Prince Ribbit
  4212 | D:5      | Reached skill level 7 in Ranged Weapons
  4212 | D:5      | Reached XP level 7. HP: 30/54 MP: 7/7
  4392 | D:5      | Reached skill level 5 in Fighting
  4392 | D:5      | Reached skill level 5 in Axes
  4461 | D:5      | Noticed Pikel
  4488 | D:5      | Killed Pikel
  4489 | D:5      | Reached skill level 8 in Ranged Weapons
  4489 | D:5      | Reached XP level 8. HP: 32/62 MP: 8/10
  4910 | D:6      | Noticed Sigmund
  4917 | D:6      | Killed Sigmund
  5152 | D:6      | Reached skill level 5 in Invocations
  5456 | D:6      | Noticed Maggie
  5514 | D:6      | HP: 2/58 [Maggie/+1 scimitar of draining (9)]
  5521 | D:6      | Mangled by Maggie

Illustrated notes

Levels and vault maps discovered:
D:1:      dpeg_arrival_orchard, layout_basic, minmay_misc_feat_cross,
          kennysheep_nondescript
D:2:      layout_loops_ring, serial_shops, shop
D:3:      layout_basic, nicolae_hepliaklqana_monster_ancestors,
          minmay_distorted, uniq_jessica
D:4:      layout_layer_cave, minmay_temple_entry_nine_rooms
D:5:      layout_basic, grunt_ministairs_5, uniq_prince_ribbit1, uniq_pikel
D:6:      layout_loops_corners, minmay_liquid_box, uniq_menkaure, uniq_grinder,
          uniq_maggie, uniq_sigmund

Skill      XL: |  1  2  3  4  5  6  7  8 |
---------------+-------------------------+-----
Fighting       | 3 4 5 6 |  6.1
Ranged Weapons | 5 6 7 8 |  8.7
Axes           | 1 2 3 4 6 7 |  7.2
Invocations    | 2 4 5 |  5.1
Dodging        | |  2.1
Stealth        | |  0.7

Action                     |  1- 3 |  4- 6 |  7- 9 || total
---------------------------+-------+-------+-------++-------
  Melee: Dagger            |    22 |       |       ||    22
         Headbutt          |     6 |     9 |     4 ||    19
         Spear             |     6 |       |       ||     6
         Hand axe          |     2 |     7 |       ||     9
         Halberd           |       |    23 |     7 ||    30
         War axe           |       |    22 |    29 ||    51
         Unarmed           |       |       |    20 ||    20
         Battleaxe         |       |       |    12 ||    12
         Punch             |       |       |     1 ||     1
   Fire: Shortbow          |    50 |    37 |    27 ||   114
  Throw: Dart              |       |     1 |       ||     1
 Invoke: Ancestor Identity |       |     1 |       ||     1
  Evoke: Wand              |     2 |     5 |     8 ||    15
    Use: Scroll            |     2 |     2 |     1 ||     5
         Potion            |       |     1 |       ||     1
   Stab: Distracted        |       |       |     2 ||     2
 Armour: Leather armour    |    11 |       |       ||    11
         Scale mail        |     8 |    11 |       ||    19
         Ring mail         |     1 |       |       ||     1
         Plate armour      |       |    21 |    35 ||    56
         Skin              |       |       |     2 ||     2
  Dodge: Dodged            |    30 |    23 |    25 ||    78

Table legend: (Time is in decaauts)
 A = Elapsed time spent in this place.
 B = Non-inter-level travel time spent in this place.
 C = Inter-level travel time spent in this place.
 D = Time resting spent in this place.
 E = Time spent auto-exploring this place.
 F = Levels seen in this place.
 G = Mean time per level.
                   A        B        C        D        E       F      G
               +--------+--------+--------+--------+--------+-----+--------+
         Total |   5581 |   5170 |    411 |    779 |   3541 |   6 |  930.2 |
       Dungeon |   5581 |   5170 |    411 |    779 |   3541 |   6 |  930.2 |
               +--------+--------+--------+--------+--------+-----+--------+

Top non-repeatable levels by time:
     D:2: 1143 daAuts
     D:3: 1093 daAuts
     D:4: 1080 daAuts
     D:5: 819 daAuts
     D:1: 766 daAuts
     D:6: 679 daAuts
